 Dungeon Crawl Stone Soup version 0.29.1-12-g30fa7ad0bf (webtiles) character file.

Game seed: 14011253994855335854

2 GeoRichter the Firebug (level 1, 0/10 HPs)
             Began as a Gargoyle Fire Elementalist on Dec 27, 2022.
             Slain by a gnoll
             ... wielding a +0 flail
              (10 damage)
             ... on level 1 of the Dungeon.
             The game lasted 00:00:27 (77 turns).

GeoRichter the Firebug (Gargoyle Fire Elementalist)   Turns: 77, Time: 00:00:28

Health: 0/10       AC:  4    Str: 11    XL:     1   Next: 30%
Magic:  0/3        EV: 11    Int: 15    God:
Gold:   6          SH:  0    Dex: 10    Spells: 3/4 levels left

rFire   . . .      SeeInvis .   (no weapon)
rCold   . . .      Faith    .   (no shield)
rNeg    + . .      Spirit   .   a - +0 robe
rPois   ∞          Reflect  .   (no helmet)
rElec   +          Harm     .   (no cloak)
rCorr   .          Rampage  .   (no gloves)
Will    .....                   (no boots)
Stlth   ++........              (no amulet)
HPRegen 0.03/turn               (no ring)
MPRegen 0.08/turn               (no ring)

@: very slightly contaminated
A: sickness immunity, AC +2, negative energy resistance 1, electricity
resistance, torment resistance 1, petrification resistance
a: no special abilities


You were on level 1 of the Dungeon.
You visited 1 branch of the dungeon, and saw 1 of its levels.

You collected 6 gold pieces.

Inventory:

Armour
 a - a +0 robe (worn)
Potions
 b - a potion of magic


   Skills:
 - Level 1.5 Dodging
 - Level 2.1 Stealth
 + Level 2.0 Spellcasting
 * Level 1.2 Conjurations
 + Level 3.0 Fire Magic


You had 3 spell levels left.
You knew the following spells:

 Your Spells              Type           Power      Damage    Failure   Level
a - Foxfire               Conj/Fire      32%        2x1d5     9%          1

Your spell library contained the following spells:

 Spells                   Type           Power      Damage    Failure   Level
 Scorch                   Fire           20%        2d6       10%         2
 Conjure Flame            Conj/Fire      8%         6-21      26%         3
 Inner Flame              Hex/Fire       6%         N/A       34%         3
 Flame Wave               Conj/Fire      8%         2d5       65%         4


Dungeon Overview and Level Annotations

Branches:
Dungeon (1/15) Zot: 5921

Altars:


Innate Abilities, Weirdness & Mutations

You are immune to sickness and miasma.
Your stone body is resilient. (AC +2)
You are immune to poison.
You resist negative energy. (rN+)
You are resistant to electric shocks. (rElec)
You are resistant to unholy torment.
You are immune to petrification.


Message History

Welcome, GeoRichter the Gargoyle Fire Elementalist.
Are you destined to find the majestic Orb of Zot, or to die trying?
Found a staircase leading out of the dungeon.
Found 6 gold pieces.
You enter the shallow water.
Moving in this stuff is going to be slow.
A hobgoblin comes into view.
The hobgoblin shouts!
A hobgoblin is nearby!
You conjure some foxfire!
You miscast Foxfire.
You are very lightly contaminated with residual magic.
Nothing appears to happen.
The foxfire hits the hobgoblin.
The foxfire hits the hobgoblin but does no damage.
A hobgoblin is nearby!
You conjure some foxfire!
The foxfire hits the hobgoblin.
You kill the hobgoblin!
A rat comes into view.
Your magical contamination has completely faded away.
You hit the rat. The rat barely misses you.
You hit the rat.
You kill the rat!
You now have 6 gold pieces.
Found a stone staircase leading down.
A gnoll comes into view. It is wielding a +0 flail.
Found a ring mail.
The gnoll shouts!
You conjure some foxfire!
You miscast Foxfire.
You are very lightly contaminated with residual magic.
Nothing appears to happen.
The foxfire hits the gnoll but does no damage.
The foxfire hits the gnoll.
You conjure some foxfire!
The gnoll misses you.
You are out of magic!
You hit the gnoll.
The foxfire hits the gnoll. x2; The gnoll misses you.
You closely miss the gnoll. The gnoll hits you with a +0 flail!
Ouch! That really hurt!
You die...

#.# #.. #### ## ##.##
###..#
..####...####....#
....#..~..#.....##
..~....~.†..~..8#
...~..~~~..~...## .#
....~~~~~~~.....## [#
..~~~~...~~~~@g..# .#
~~~~~..<..~~~~~..# .#
..~~~~...~~~~....# .#
....~~~~~~~.....## .#
...~..~~~..~...####g##
..~....~....~..8#....#
....#..~..#.....#....#
..####...####......#.#
## ##.## ###....#+#


You could see a gnoll.

Vanquished Creatures
  A hobgoblin (D:1)
  A rat (D:1)
2 creatures vanquished.

Vanquished Creatures (others)
  8 foxfires (D:1)
8 creatures vanquished.

Grand Total: 10 creatures vanquished

Notes
Turn   | Place    | Note
-------+----------+-------------------------------------------
     0 | D:1      | GeoRichter the Gargoyle Fire Elementalist began the quest
                  | for the Orb.
     0 | D:1      | Reached XP level 1. HP: 10/10 MP: 3/3
    77 | D:1      | Slain by a gnoll

Illustrated notes

Levels and vault maps discovered:
D:1:      eino_arrival_water_star, layout_basic, ebering_ecumenical_altar_box,
          corexii_item_surrounded_by_moat, item_on_display_b

Action                   || total
-------------------------++-------
Melee: Unarmed           ||     4
 Cast: Foxfire           ||     4
Dodge: Dodged            ||     3
